 Dungeon Crawl Stone Soup version 0.22.1 (webtiles) character file.

57572 MalarOregon the Severer (level 14, -7/133 HPs)
             Began as a Hill Orc Fighter on Sept 17, 2018.
             Was a High Priest of Yredelemnul.
             Mangled by an ettin
             ... wielding a +0 dire flail
             ... summoned by an orange crystal statue
              (28 damage)
             ... on level 2 of the Orcish Mines.
             The game lasted 00:39:31 (20025 turns).

MalarOregon the Severer (Hill Orc Fighter)         Turns: 20025, Time: 00:39:32

Health: -7/133     AC: 22    Str: 21      XL:     14   Next: 86%
Magic:  1/19       EV: 14    Int: 10 (11) God:    Yredelemnul [*****.]
Gold:   1583       SH:  0    Dex: 17      Spells: 13/13 levels left

rFire    . . .     SeeInvis .   e - +0 war axe (elec)
rCold    . . .     Gourm    .   c - +3 shield
rNeg     . . .     Faith    .   n - +0 plate armour
rPois    +         Spirit   .   g - +0 helmet
rElec    .         Reflect  .   u - +0 cloak
rCorr    .         Harm     .   q - +0 pair of gloves
MR       +....                  (no boots)
Stlth    ..........             S - amulet of regeneration
HPRegen  0.72/turn              B - +2 ring of dexterity
MPRegen  0.16/turn              A - ring of poison resistance

@: confused, agile
A: icy blue scales 1, high mp 1
a: Recall Undead Slaves, Injury Mirror, Animate Dead, Drain Life, Enslave Soul,
Renounce Religion


You were on level 2 of the Orcish Mines.
You worshipped Yredelemnul.
Yredelemnul was extremely pleased with you.
You were not hungry.

You visited 4 branches of the dungeon, and saw 20 of its levels.

You collected 1583 gold pieces.

Inventory:

Hand Weapons
 a - a +0 war axe
 e - a +0 war axe of electrocution (weapon)
 h - a +1 whip of flaming
 w - a +2 war axe of chopping
 I - the +8 trident of Yseiheif {freeze, Str+2}
   (You found it on level 10 of the Dungeon)

   It has been specially enchanted to freeze those struck by it, causing extra
   injury to most foes and up to half again as much damage against particularly
   susceptible opponents.
   It can also slow down cold-blooded creatures.
   It affects your strength (+2).
 T - a +3 broad axe of freezing
Missiles
 J - 2 throwing nets (quivered)
Armour
 c - a +3 shield (worn)
 g - a +0 helmet (worn)
 n - a +0 plate armour (worn)
 q - a +0 pair of gloves (worn)
 u - a +0 cloak (worn)
Jewellery
 x - an uncursed ring of resist corrosion
 A - a ring of poison resistance (right hand)
 B - a +2 ring of dexterity (left hand)
 G - an uncursed ring of wizardry
 H - an uncursed amulet of the acrobat
 S - an amulet of regeneration (around neck)
Wands
 v - a wand of digging (15)
 z - a wand of acid (10)
 F - a wand of flame (49)
 K - a wand of enslavement (33)
 M - a wand of polymorph (24)
 U - a wand of paralysis (8)
Scrolls
 i - 3 scrolls of fog
 j - 3 scrolls of amnesia
 k - 8 scrolls of identify
 m - 5 scrolls of immolation
 p - 6 scrolls of remove curse
 s - 6 scrolls of teleportation
 y - a scroll of magic mapping
 C - a scroll of fear
 D - 3 scrolls of blinking
Potions
 b - a potion of resistance
 o - 3 potions of heal wounds
 r - 2 potions of agility
 t - a potion of ambrosia
 L - a potion of lignification
 N - 7 potions of curing
 O - 3 potions of haste
 Q - a potion of mutation
Miscellaneous
 l - a fan of gales
Comestibles
 d - 17 chunks of flesh
 f - 36 rations


   Skills:
 + Level 14.5 Fighting
 + Level 15.4 Axes
 + Level 13.5 Armour
 - Level 5.0 Dodging
 + Level 13.4 Shields
 - Level 5.0 Invocations
 - Level 5.0 Evocations


You had 13 spell levels left.
You didn't know any spells.
Your spell library was empty.

Dungeon Overview and Level Annotations

Branches:
Dungeon (11/15)            Temple (1/1) D:5            Lair (6/6) D:8
 Shoals (0/4) Lair:2        Snake (0/4) Lair:3        Slime (0/5) Lair:6
    Orc (2/2) D:10
    Elf: Orc:2

Altars:
Ashenzari
Cheibriados
Dithmenos
Elyvilon
Fedhas
Gozag
Hepliaklqana
Kikubaaqudgha
Makhleb
Nemelex Xobeh
Okawaru
Qazlal
Ru
Sif Muna
Trog
Uskayaw
Vehumet
Wu Jian
Xom
Yredelemnul
Zin
The Shining One

Annotations:
Lair:2 2 transporters, MalarOregon's ghost, journeyman HOBe
Orc:2 1 runed door, exclusion: 4 orange crystal statues


Innate Abilities, Weirdness & Mutations

You are partially covered in icy blue scales. (AC +2)
You have an increased reservoir of magic. (+10% MP)


Message History

The ettin closely misses you.
The orc warrior hits you from afar with a glaive!!
* * * LOW HITPOINT WARNING * * *
The orc priest mumbles some strange prayers to Beogh against you.
Beogh smites you!
* * * LOW HITPOINT WARNING * * *
The orc wizard begins to cast a cantrip, but forgets the words!
The ynoxinul hits you but does no damage.
You're too confused!
You feel agile all of a sudden. The orc misses you.
The orc barely misses something.
Your vampire hits you but does no damage.
Your vampire closely misses you.
The orange crystal statue fixes its piercing gaze on you.
You feel your power leaking away.
The orange crystal statue glitters topaz in the dim dungeon light.
The orc sorcerer barely misses you. The ettin hits you but does no damage.
The ettin hits you with a dire flail!!
You die...
Your body rises from the dead as a mindless zombie.

z###.###V#.###.####.....#
#.#...#..z..###.##.....##
.z.WV.##zz..#.....#.....#
..##.VV....#...........##
#####.Wz............).##
.##......#########..)[##
.##......#8.oo.o8#.....#
.......#.#.#ho4#o#.....#
......#..#..ooho@#....##
.........+..oho3CVzo.###
..##.. ..#...ooOo#z....##
..# #.#.o.#.#z.....# ..#
. #8.....8#.....## .##
#...#########.#...# ##
#......zV...##...#
#.......z##### #.##
##.#.#..## ##


You could see 4 orange crystal statues, an orc knight, an ettin, an ice devil, a
ynoxinul, 3 wargs, an orc sorcerer, 3 orc warriors, an ogre, an orc priest, 2
orc wizards, 7 orcs, a friendly vampire (confused) and 3 friendly flying skulls.

Vanquished Creatures
  2 dire elephants
  A spark wasp (Lair:3)
  7 hydras
  A catoblepas (Lair:6)
  A two-headed ogre (D:11)
  A centaur warrior (D:11)
  3 death yaks
  Sonja (D:10)
  The ghost of raikaria the Spear-Bearer, a novice DrWz of Sif Muna (D:7)
  2 lindwurms (Lair:6)
  A deep elf archer (Orc:1)
  A deep elf mage (Orc:1)
  An ugly thing (D:11)
  An oklob plant (Lair:4)
  3 manticores
  2 elephants (Lair:6)
  A torpor snail (Lair:3)
  2 black mambas (Lair:3)
  9 spiny frogs
  3 komodo dragons
  2 rime drakes
  A polar bear (Lair:6)
  2 merfolk (Lair:2)
  5 trolls
  5 tyrant leeches (Lair:3)
  15 blink frogs
  Grinder (D:6)
  4 dream sheep
  16 hippogriffs
  A redback (shapeshifter) (D:10)
  A wraith (D:11)
  2 spriggans (Lair:1)
  46 yaks
  A steam dragon (D:11)
  2 basilisks
  Eustachio (D:5)
  2 vampire mosquitoes (Lair:1)
  An insubstantial wisp (Lair:1)
  5 swamp worms (Lair:3)
  13 water moccasins
  Menkaure (D:4)
  Edmund (D:4)
  Duvessa (D:5)
  3 porcupines
  6 sky beasts
  9 orc warriors
  A swamp drake (Lair:1)
  4 black bears
  6 ogres
  3 ice beasts
  5 centaurs
  12 crocodiles
  4 big kobolds
  12 bullfrogs
  2 gnoll sergeants
  Dowan (D:5)
  2 water moccasin skeletons
  2 scorpions
  5 killer bees (D:9)
  3 wights (D:10)
  8 howler monkeys
  An electric eel (Lair:2)
  4 crimson imps
  2 bullfrog zombies
  A centaur zombie (D:11)
  6 orc priests
  2 centaur skeletons
  4 hounds
  12 jellies
  11 orc wizards
  8 iguanas
  2 hell rats (Lair:4)
  7 worker ants
  A hound skeleton (D:4)
  3 worker ant zombies
  13 gnolls
  8 adders
  6 river rats (Lair:4)
  2 shadow imps
  5 oozes
  An adder skeleton (D:8)
  2 worms (D:3)
  4 leopard geckos
  32 orcs
  2 giant cockroaches
  7 goblins
  6 hobgoblins
  6 jackals
  16 kobolds
  6 quokkas
  4 ball pythons
  8 bats
  5 frilled lizards
  A quokka zombie (D:5)
  9 rats
  A bush (Lair:5)
  6 fungi
  5 plants
  A withered plant (D:7)
481 creatures vanquished.

Vanquished Creatures (collateral kills)
  An orc warlord (Orc:1)
  A catoblepas (Lair:6)
  An orc high priest (Orc:1)
  A lindwurm (Lair:6)
  An orc knight (Orc:2)
  2 deep elf magi (Orc:1)
  An oklob plant (Lair:5)
  An orc sorcerer (Orc:1)
  A manticore (Lair:6)
  3 black mambas
  A spiny frog (Lair:6)
  2 rime drakes (Lair:6)
  A polar bear (Lair:6)
  2 blink frogs
  A dream sheep (Lair:6)
  5 yaks
  2 vampire mosquitoes (Lair:1)
  3 basilisks (Lair:6)
  An insubstantial wisp (Lair:1)
  2 water moccasins
  3 orc warriors
  A wolf (Lair:6)
  An ogre (Orc:1)
  A centaur (D:11)
  2 crocodiles (Lair:6)
  A howler monkey (D:10)
  A hound (D:11)
  2 orc priests
  An orc wizard (Orc:1)
  2 river rats (Lair:4)
  An ooze (Lair:6)
  An orc (Orc:1)
  A plant (Lair:6)
51 creatures vanquished.

Vanquished Creatures (others)
  A phantasmal warrior (Orc:2)
  2 vampires (Lair:6)
  A wight (D:11)
  3 mummies
  2 fungi
  10 plants
  A withered plant (D:7)
20 creatures vanquished.

Grand Total: 552 creatures vanquished

Notes
Turn   | Place    | Note
-------+----------+-------------------------------------------
     0 | D:1      | MalarOregon the Hill Orc Fighter began the quest for the
                  | Orb.
     0 | D:1      | Reached XP level 1. HP: 19/19 MP: 1/1
   228 | D:1      | Reached XP level 2. HP: 27/27 MP: 2/2
   277 | D:1      | Reached skill level 3 in Axes
   506 | D:1      | Reached XP level 3. HP: 15/33 MP: 3/3
  1348 | D:2      | Reached skill level 1 in Dodging
  1352 | D:2      | Reached XP level 4. HP: 15/40 MP: 4/4
  1739 | D:2      | Found a radiant altar of Vehumet.
  1739 | D:2      | Found an ornate altar of the Wu Jian Council.
  1752 | D:2      | Found a blossoming altar of Fedhas.
  1968 | D:3      | Found a faded altar of an unknown god.
  1968 | D:3      | Noticed an ogre
  1974 | D:2      | Killed an ogre
  1974 | D:2      | Reached skill level 4 in Axes
  1974 | D:2      | Reached XP level 5. HP: 38/47 MP: 5/5
  2238 | D:2      | Reached XP level 6. HP: 43/53 MP: 6/6
  3031 | D:4      | Noticed Edmund
  3044 | D:4      | Killed Edmund
  3044 | D:4      | Reached skill level 5 in Fighting
  3068 | D:4      | Reached skill level 1 in Evocations
  3129 | D:4      | Reached XP level 7. HP: 48/61 MP: 7/7
  3217 | D:4      | Found a bloodstained altar of Trog.
  3332 | D:4      | Reached skill level 5 in Axes
  3592 | D:4      | Noticed Menkaure
  3606 | D:4      | Killed Menkaure
  3606 | D:4      | Reached skill level 5 in Armour
  3606 | D:4      | Reached skill level 5 in Shields
  3983 | D:5      | Entered Level 5 of the Dungeon
  3990 | D:5      | Noticed Dowan
  3991 | D:5      | Noticed Duvessa
  4007 | D:5      | Killed Duvessa
  4022 | D:5      | Killed Dowan
  4069 | D:5      | Reached XP level 8. HP: 57/70 MP: 9/9
  4401 | D:5      | Noticed Eustachio
  4601 | D:5      | Killed Eustachio
  4669 | D:5      | Found a staircase to the Ecumenical Temple.
  4737 | Temple   | Entered the Ecumenical Temple
  4872 | Temple   | Became a worshipper of Yredelemnul the Dark
  4997 | D:6      | Reached skill level 6 in Axes
  5267 | D:5      | Reached skill level 1 in Invocations
  5301 | D:5      | HP: 2/71 [gnoll sergeant/trident (6)]
  5699 | D:6      | Reached XP level 9. HP: 60/78 MP: 11/11
  5868 | D:6      | Noticed Grinder
  5893 | D:6      | Killed Grinder
  6200 | D:7      | You fall through a shaft for 2 floors!
  6200 | D:9      | Found a shattered altar of Ashenzari.
  6226 | D:9      | Gained mutation: You are partially covered in icy blue
                  | scales. (AC +2) [potion of mutation]
  6226 | D:9      | Gained mutation: You have an increased reservoir of magic.
                  | (+10% MP) [potion of mutation]
  6227 | D:9      | Reached skill level 10 in Axes
  6227 | D:9      | Reached XP level 10. HP: 63/92 MP: 11/14
  6540 | D:9      | Found a shimmering altar of Xom.
  6618 | D:9      | Reached * piety under Yredelemnul
  6833 | D:9      | Found a bloodstained altar of Trog.
  6897 | D:9      | Found a white marble altar of Elyvilon.
  6897 | D:9      | Found a shadowy altar of Dithmenos.
  6990 | D:9      | Reached skill level 10 in Fighting
  7022 | D:9      | Reached XP level 11. HP: 33/99 MP: 15/15
  7049 | D:9      | Noticed a three-headed hydra
  7058 | D:9      | Killed a six-headed hydra
  7333 | D:8      | Reached ** piety under Yredelemnul
  7791 | D:8      | Found a staircase to the Lair.
  8033 | D:8      | Found an opulent altar of Gozag.
  8034 | D:8      | Found a sparkling altar of Nemelex Xobeh.
  8459 | D:7      | Found a stormy altar of Qazlal.
  8495 | D:7      | Reached skill level 5 in Evocations
  8546 | D:7      | Found a runed door.
  8547 | D:7      | Noticed raikaria's ghost (novice DrWz)
  8708 | D:7      | Reached skill level 5 in Invocations
  8814 | D:7      | Killed raikaria's ghost
  8814 | D:7      | Reached skill level 11 in Axes
  9024 | D:10     | Entered Level 10 of the Dungeon
  9052 | D:10     | Got a warped trident
  9082 | D:10     | Noticed Sonja
  9098 | D:10     | Killed Sonja
  9103 | D:10     | Reached skill level 5 in Dodging
  9107 | D:10     | Reached skill level 10 in Armour
  9181 | D:10     | Found a staircase to the Orcish Mines.
  9194 | D:10     | Reached skill level 10 in Shields
  9220 | D:10     | Reached *** piety under Yredelemnul
  9278 | D:10     | Found a blossoming altar of Fedhas.
  9345 | D:10     | Received a gift from Yredelemnul (a wight)
  9909 | D:11     | Noticed a manticore
  9909 | D:11     | Noticed a manticore
  9931 | D:11     | Killed a manticore
  9935 | D:11     | Killed a manticore
  9935 | D:11     | Reached XP level 12. HP: 34/110 MP: 17/17
 10392 | D:11     | Received a gift from Yredelemnul (a mummy)
 10460 | D:11     | Noticed a centaur warrior
 10470 | D:11     | Killed a centaur warrior
 10781 | D:11     | Noticed a two-headed ogre
 10795 | D:11     | Killed a two-headed ogre
 10795 | D:11     | Reached skill level 12 in Axes
 11259 | Lair:1   | Entered Level 1 of the Lair of Beasts
 11287 | Lair:1   | Received a gift from Yredelemnul (a mummy)
 11847 | Lair:1   | Noticed a five-headed hydra
 11848 | Lair:1   | Identified the +8 trident of Yseiheif {freeze, Str+2} (You
                  | found it on level 10 of the Dungeon)
 11860 | Lair:1   | Killed a five-headed hydra
 11883 | Lair:1   | Reached **** piety under Yredelemnul
 11929 | Lair:1   | Noticed a six-headed hydra
 11936 | Lair:1   | Killed a six-headed hydra
 12792 | Lair:2   | Reached skill level 13 in Axes
 13003 | Lair:2   | Reached XP level 13. HP: 113/118 MP: 18/18
 13090 | Lair:2   | Noticed MalarOregon's ghost (journeyman HOBe)
 13093 | Lair:2   | Found a transporter.
 13415 | Lair:2   | Found a transporter.
 13799 | Lair:2   | Found a staircase to the Shoals.
 14159 | Lair:3   | Received a gift from Yredelemnul (a mummy)
 14318 | Lair:3   | Found a staircase to the Snake Pit.
 14426 | Lair:3   | Reached ***** piety under Yredelemnul
 14765 | Lair:3   | Noticed a spark wasp
 14765 | Lair:3   | a tyrant leech changed into a spark wasp
 14777 | Lair:3   | Killed a spark wasp
 15684 | Lair:3   | Reached skill level 14 in Axes
 16277 | Lair:4   | Received a gift from Yredelemnul (a vampire)
 17143 | Lair:5   | Received a gift from Yredelemnul (a vampire)
 17278 | Lair:5   | Reached XP level 14. HP: 120/129 MP: 19/19
 17935 | Lair:6   | Entered Level 6 of the Lair of Beasts
 18240 | Lair:6   | Found a staircase to the Slime Pits.
 18501 | Lair:6   | Noticed a dire elephant
 19014 | Lair:5   | Killed a dire elephant
 19065 | Lair:6   | Reached skill level 15 in Axes
 19065 | Lair:6   | Received a gift from Yredelemnul (a vampire)
 19107 | Lair:6   | Noticed a dire elephant
 19117 | Lair:6   | Killed a dire elephant
 19546 | Orc:1    | Entered Level 1 of the Orcish Mines
 19623 | Orc:1    | Received a gift from Yredelemnul (a phantasmal warrior)
 19659 | Orc:1    | Noticed an orc warlord
 19673 | Orc:1    | Killed an orc warlord
 19795 | Orc:2    | Entered Level 2 of the Orcish Mines
 19829 | Orc:2    | Received a gift from Yredelemnul (5 flying skulls)
 19882 | Orc:2    | Found a runed door.
 19962 | Orc:2    | Found a runed door.
 19989 | Orc:2    | Found the +10 large shield of Ignorance {rN+ Int-4}
 20025 | Orc:2    | Mangled by an ettin

Skill      XL: |  1  2  3  4  5  6  7  8  9 10 11 12 13 14 |
---------------+-------------------------------------------+-----
Axes           | 3 4 5 6 10 11 13 14 15 | 15.4
Fighting       | 4 5 6 9 10 11 12 13 14 | 14.5
Dodging        | 1 2 3 4 5 |  5.0
Shields        | 4 5 6 9 10 11 12 13 | 13.4
Armour         | 4 5 6 9 10 11 12 13 | 13.5
Evocations     | 1 2 3 4 5 |  5.0
Invocations    | 2 4 5 |  5.0

Action                   |  1- 3 |  4- 6 |  7- 9 | 10-12 | 13-15 || total
-------------------------+-------+-------+-------+-------+-------++-------
Melee: War axe           |   123 |   174 |   299 |   786 |    25 ||  1407
       Trident           |       |       |       |   142 |    25 ||   167
       Broad axe         |       |       |       |     3 |   688 ||   691
Invok: Recall Undead Sla |       |       |       |       |     3 ||     3
Evoke: Wand              |       |       |       |    21 |    16 ||    37
  Use: Potion            |       |     1 |     7 |     6 |     5 ||    19
       Scroll            |       |       |       |    15 |    10 ||    25
 Stab: Paralysed         |       |       |       |    34 |    13 ||    47
       Distracted        |       |       |       |     1 |     3 ||     4
       Confused          |       |       |       |       |     1 ||     1
  Eat: Chunk             |     2 |     6 |    10 |    24 |    24 ||    66
Armor: Scale mail        |    67 |     3 |       |       |       ||    70
       Plate armour      |       |   107 |   228 |   498 |   260 ||  1093
       Skin              |       |       |       |    19 |       ||    19
Dodge: Dodged            |    39 |    33 |    76 |   215 |   163 ||   526
Block: Shield            |    78 |   112 |   189 |   555 |   370 ||  1304
